 Dungeon Crawl Stone Soup version 0.27-a0-931-g5a74e75d8f (webtiles) character file.

Game seed: 15554535471780468271

1591 st0uf the Ruffian (level 8, -1/56 (61) HPs)
             Began as a Black Draconian Transmuter on Apr 10, 2021.
             Slain by a wight
             ... wielding a +3 great sword
              (17 damage)
             ... on level 6 of the Dungeon.
             The game lasted 00:32:54 (6846 turns).

st0uf the Ruffian (Black Draconian Transmuter)      Turns: 6846, Time: 00:32:54

HP:   -1/56 (61)    AC:  6    Str: 14    XL:     8   Next: 61%
MP:   15/15         EV: 14    Int: 15    God:
Gold: 326           SH:  0    Dex: 23    Spells: 10/16 levels left

rFire    . . .     SeeInvis .     - Unarmed
rCold    . . .     Faith    .   (no shield)
rNeg     . . .     Spirit   .   (armour unavailable)
rPois    .         Reflect  .   (helmet currently unavailable)
rElec    +         Harm     .   (no cloak)
rCorr    .         Rampage  .   (no gloves)
Will     .....                  (boots currently unavailable)
Stlth    +++.......             (no amulet)
HPRegen  0.18/turn              p - +6 ring of dexterity
MPRegen  0.14/turn              u - +6 ring of dexterity

@: appendages, drained
A: horns 2, talons 2, breathe lightning, AC +6, unfitting armour, electricity
resistance, cold-blooded
a: Breathe Lightning, End Transformation


You were on level 6 of the Dungeon.
You had temporarily grown beastly horns and talons.
You visited 1 branch of the dungeon, and saw 6 of its levels.
You also visited: Sewer.

You collected 326 gold pieces.

Inventory:

Missiles
 f - 3 boomerangs
 o - 16 poisoned darts
Armour
 c - a +0 kite shield
 n - a +0 pair of boots (melded)
Jewellery
 p - a +6 ring of dexterity (left hand)
 u - a +6 ring of dexterity (right hand)
 v - a ring of resist corrosion
Wands
 g - a wand of charming (4)
 j - a wand of flame (11)
 r - a wand of acid (6)
Scrolls
 a - 3 scrolls of fear {unknown}
 b - 7 scrolls of identify {unknown}
 k - 3 scrolls of magic mapping {unknown}
 q - 2 scrolls of teleportation {unknown}
 t - a scroll of blinking {unknown}
 w - a scroll of amnesia {unknown}
 x - 2 scrolls of enchant armour {unknown}
 y - a scroll of fog {unknown}
Potions
 d - 2 potions of invisibility {unknown}
 e - 4 potions of heal wounds {unknown}
 h - 7 potions of curing {unknown}
 i - a potion of flight {unknown}
 l - 3 potions of attraction {unknown}
 m - a potion of resistance {unknown}
 s - a potion of haste {unknown}
 z - a potion of might {unknown}
 A - 2 potions of magic {unknown}


   Skills:
 + Level 2.2 Fighting
 + Level 3.5 Dodging
 + Level 2.5 Stealth
 + Level 7.5 Unarmed Combat
 + Level 4.9 Spellcasting
 + Level 5.0 Transmutations


You had 10 spell levels left.
You knew the following spells:

 Your Spells              Type           Power      Damage    Failure   Level
a - Beastly Appendage     Tmut           36%        N/A       1%          1
b - Wereblood             Tmut           18%        N/A       3%          2
c - Spider Form           Tmut/Pois      5%         N/A       17%         3

Your spell library contained the following spells:

 Spells                   Type           Power      Damage    Failure   Level
 Ice Form                 Ice/Tmut       11%        N/A       50%         4
 Hydra Form               Tmut           9%         N/A       50%         5


Dungeon Overview and Level Annotations

Branches:
Dungeon (6/15)              Sewer (visited)
 Temple: D:4-7

Altars:
Ashenzari
Kikubaaqudgha
Makhleb


Innate Abilities, Weirdness & Mutations

You have temporarily grown beastly horns and talons.
You can breathe wild blasts of lightning.
Your glossy black scales are hard. (AC +6)
You cannot fit into any form of body armour.
You are resistant to electric shocks. (rElec)
You are cold-blooded and may be slowed by cold attacks.


Message History

HP restored.
Casting: Beastly Appendage (safe; 1% risk of failure)
Confirm with . or Enter, or press ? or * to list all spells.
You grow a pair of large bovine horns.
Your feet morph into talons.
Your +0 pair of boots melds into your body.
You hit the wight but do no damage. Your kick misses the wight.
The wight hits you with a +3 great sword!!
You hit the wight. You headbutt the wight. You tail-slap the wight.
The wight is moderately damaged.
The wight hits you with a +3 great sword!
You feel drained.
You hit the wight. You claw the wight, but do no damage.
You tail-slap the wight.
The wight is severely damaged.
The wight misses you.
You closely miss the wight. You headbutt the wight.
The wight is severely damaged.
The wight barely misses you.
You closely miss the wight. Your kick misses the wight. You headbutt the wight.
The wight is almost destroyed.
You barely miss the wight. You claw the wight, but do no damage.
You headbutt the wight, but do no damage.
You punch the wight, but do no damage.
The wight is almost destroyed.
The wight barely misses you.
You barely miss the wight.
You tail-slap the wight, but do no damage.
The wight is almost destroyed.
The wight hits you with a +3 great sword.
You feel drained.
You hit the wight but do no damage. Your headbutt misses the wight.
The wight is almost destroyed.
The wight hits you with a +3 great sword!
You feel drained.
* * * LOW HITPOINT WARNING * * *
You hit the wight but do no damage. You claw the wight, but do no damage.
Your tail-slap misses the wight.
The wight is almost destroyed.
The wight hits you with a +3 great sword!
You die...

#######'# #.##.## #.###. #...#
#.#### #.##.. #.....# #.##
#.##.. #.......# #..## #.##..
#......z..####...######.##..
.'.........'.................
###.......).#z..........####.#
##.......##z##≈≈≈≈≈##.# #.#
.... #@##≈≈≈≈≈##.####.# ..z
#.≈≈..≈..≈≈....... #'
#.≈≈.....≈≈..##### #
#.≈≈.........# #.≈≈.....≈≈.##
#.≈≈.....≈≈.# #.##≈≈≈≈≈##.#
#.##≈≈.≈≈##.# ............#


You could see 2 wights.

Vanquished Creatures
  A wraith (D:5)
  Sigmund (D:2)
  2 ice beasts (D:5)
  A sky beast (D:6)
  A black bear (D:5)
  2 ogres
  2 necrophages (D:5)
  A phantom (D:6)
  A water moccasin skeleton (D:4)
  A jelly (D:4)
  A hound (D:5)
  2 orc priests
  Natasha (twice) (D:2)
  An iguana (D:6)
  A hound skeleton (D:4)
  6 gnolls
  A howler monkey skeleton (D:5)
  5 adders
  A shadow imp (D:5)
  A white imp (D:6)
  An ufetubus (D:5)
  4 worms
  2 dart slugs
  8 orcs
  11 endoplasms
  4 giant cockroaches
  7 goblins
  7 hobgoblins
  10 jackals
  3 kobolds
  4 quokkas
  11 ball pythons
  8 bats
  13 frilled lizards
  3 rats
130 creatures vanquished.

Notes
Turn   | Place    | Note
-------+----------+-------------------------------------------
     0 | D:1      | st0uf the Draconian Transmuter began the quest for the Orb.
     0 | D:1      | Reached XP level 1. HP: 16/16 MP: 3/3
   289 | D:1      | Reached XP level 2. HP: 23/23 MP: 3/5
   618 | D:1      | Found a faded altar of an unknown god.
   980 | D:1      | Reached XP level 3. HP: 27/28 MP: 4/6
  1021 | D:2      | Learned a level 2 spell: Wereblood
  1249 | D:2      | Reached skill level 4 in Unarmed Combat
  1348 | D:2      | Noticed Natasha
  1352 | D:2      | Killed Natasha
  1353 | D:2      | Reached XP level 4. HP: 21/35 MP: 2/7
  1819 | D:2      | Noticed Sigmund
  1880 | D:2      | Noticed Natasha
  1894 | D:2      | Killed Natasha
  1895 | D:2      | Reached XP level 5. HP: 16/40 MP: 9/9
  2460 | D:3      | Noticed an ogre
  2599 | D:3      | Found an ancient bone altar of Kikubaaqudgha.
  2983 | D:3      | Reached skill level 5 in Unarmed Combat
  3284 | D:4      | Reached XP level 6. HP: 46/47 MP: 6/10
  3288 | D:4      | Learned a level 3 spell: Spider Form
  4511 | D:5      | Entered Level 5 of the Dungeon
  4718 | D:5      | Reached skill level 1 in Stealth
  4718 | D:5      | Your scales start taking on a glossy black colour.
  4718 | D:5      | Reached XP level 7. HP: 51/52 MP: 12/12
  4718 | D:5      | Gained mutation: You are resistant to electric shocks.
                  | (rElec) [Black Draconian growth]
  4749 | D:5      | Reached skill level 6 in Unarmed Combat
  4845 | D:5      | Found a burning altar of Makhleb.
  4845 | D:5      | Found a broken altar of Ashenzari.
  5251 | D:5      | Noticed a wraith
  5312 | D:5      | Killed a wraith
  5313 | D:5      | Reached skill level 7 in Unarmed Combat
  5313 | D:5      | Reached XP level 8. HP: 16/61 MP: 14/14
  6090 | D:2      | Killed Sigmund
  6186 | D:6      | Found a glowing drain.
  6201 | Sewer    | Entered a sewer
  6673 | D:6      | Reached skill level 5 in Transmutations
  6846 | D:6      | Slain by a wight

Illustrated notes

Levels and vault maps discovered:
D:1:      dpeg_arrival_round_c, layout_basic, basic_ecumenical_altar,
          corexii_corridor_pit, minmay_strange_pillars, minmay_tromino_mix6
D:2:      layout_basic, uniq_sigmund, uniq_natasha
D:3:      layout_rooms, nicolae_overflow_hidden_temple
D:4:      layout_basic
D:5:      minmay_chambers_of_fours, layout_cave_pools, jmf_multi_god_temple,
          grunt_decor_arrowhead
D:6:      layout_loops_corners, cheibrodos_sewer_entry_sluice, corexii_shack,
          uniq_blork_the_orc

Skill      XL: |  1  2  3  4  5  6  7  8 |
---------------+-------------------------+-----
Dodging        | 2 3 |  3.5
Unarmed Combat | 4 5 7 |  7.5
Transmutations | 3 4 5 |  5.0
Spellcasting   | 3 4 |  4.9
Stealth        | 1 2 |  2.5
Fighting       | 2 |  2.2

Action                   |  1- 3 |  4- 6 |  7- 9 || total
-------------------------+-------+-------+-------++-------
Melee: Unarmed           |   107 |   166 |   105 ||   378
       Kick              |    19 |    40 |    43 ||   102
       Tailslap          |    10 |    13 |    17 ||    40
       Headbutt          |     9 |    25 |    30 ||    64
       Punch             |       |     2 |     3 ||     5
 Cast: Beastly Appendage |    26 |    33 |    22 ||    81
       Wereblood         |       |     1 |       ||     1
 Abil: Breathe Lightning |       |       |     3 ||     3
 Stab: Distracted        |       |     1 |       ||     1
       Sleeping          |       |     1 |     3 ||     4
Armor: Skin              |    32 |    30 |    13 ||    75
Dodge: Dodged            |    62 |    76 |    48 ||   186

Table legend: (Time is in decaauts)
 A = Elapsed time spent in this place.
 B = Non-inter-level travel time spent in this place.
 C = Inter-level travel time spent in this place.
 D = Time resting spent in this place.
 E = Time spent auto-exploring this place.
 F = Levels seen in this place.
 G = Mean time per level.
                   A        B        C        D        E       F      G
               +--------+--------+--------+--------+--------+-----+--------+
         Total |   6902 |   6603 |    299 |   1573 |   2859 |   7 |  986.0 |
       Dungeon |   6633 |   6334 |    299 |   1573 |   2783 |   6 | 1105.5 |
         Sewer |    269 |    269 |      0 |      0 |     76 |   1 |  269.0 |
               +--------+--------+--------+--------+--------+-----+--------+

Top non-repeatable levels by time:
     D:2: 1676 daAuts
     D:5: 1245 daAuts
     D:3: 1110 daAuts
     D:4: 1094 daAuts
     D:1: 1065 daAuts
     D:6: 440 daAuts
   Sewer: 269 daAuts
